cohdb
Replays
Latest Replays
All Replays
Popular Replays
Top Player Replays
Match Explorer
How It Works
Community
CoH3 Stats
Reddit
Sign in to upload your games and track your stats! →
Sign in with Steam
Match 42627028
Unlisted
Match 42627028
Overview
Messages
Build Orders
End
Construct Barracks
Selects Armored Battlegroup
Selects Veteran Crews
Engineer Squad
1⁄4-ton 4x4 Truck
M1 Mortar Team
Riflemen Squad
Riflemen Squad
Riflemen Squad
Grenade Package
Construct Medical Station
Mechanized Support Center
Infantry Support Center
Construct Motor Pool
Selects M31 Recovery Vehicle
M8 Greyhound Armored Car
M1918 Browning Automatic Rifles
Selects War Machine
M1 Anti-tank Gun Team
Engineer Squad
Construct Tank Depot
M4A1 Sherman Medium Tank
Selects Strength in Steel
M18 Hellcat Tank Destroyer
M31 Recovery Vehicle
Selects Seek and Destroy
Selects UNKNOWN (2160077)
Riflemen Squad
Nukepapa
Kiko25
Animal Mother
Bc124
0
0
Comments
sign in to comment!
No comments posted yet!